 Dungeon Crawl Stone Soup version 0.29.1-2-gbd0b4ee654 (webtiles) character file.

Game seed: 7936107590201249513

97 qeuew the Conjurer (level 4, -1/24 HPs)
             Began as a Deep Elf Conjurer on Nov 15, 2022.
             Succumbed to Ijyb's poison
             ... while paralysed by Ijyb
             ... on level 3 of the Dungeon.
             The game lasted 00:02:01 (2208 turns).

qeuew the Conjurer (Deep Elf Conjurer)              Turns: 2208, Time: 00:02:02

Health: -1/24      AC:  3    Str:  4    XL:     4   Next: 42%
Magic:  8/11       EV:  2    Int: 23    God:
Gold:   102        SH:  0    Dex: 15    Spells: 5/10 levels left

rFire   . . .      SeeInvis .   d - staff of conjuration
rCold   . . .      Faith    .   (no shield)
rNeg    . . .      Spirit   .   a - +1 robe
rPois   .          Reflect  .   (no helmet)
rElec   .          Harm     .   (no cloak)
rCorr   .          Rampage  .   (no gloves)
Will    .....                   (no boots)
Stlth   ++........              (no amulet)
HPRegen 0.08/turn               (no ring)
MPRegen 0.12/turn               (no ring)

@: paralysed, lethally poisoned (-1 -> -18)
A: no striking features
a: no special abilities


You were on level 3 of the Dungeon.
You visited 1 branch of the dungeon, and saw 3 of its levels.

You collected 102 gold pieces.

Inventory:

Armour
 a - a +1 robe (worn)
Magical Staves
 d - a staff of conjuration (weapon)
Scrolls
 f - a scroll of magic mapping
 i - a scroll of teleportation
Potions
 b - a potion of magic


   Skills:
 + Level 1.2 Staves
 + Level 3.2 Dodging
 + Level 3.3 Stealth
 + Level 3.7 Spellcasting
 + Level 4.8 Conjurations
 + Level 0.2 Translocations
 + Level 1.2 Evocations


You had 5 spell levels left.
You knew the following spells:

 Your Spells              Type           Power      Damage    Failure   Level
a - Magic Dart            Conj           100%       1d8       1%          1
b - Searing Ray           Conj           80%        2d7       2%          2
c - Blink                 Tloc           10%        N/A       16%         2

Your spell library contained the following spells:

 Spells                   Type           Power      Damage    Failure   Level
 Dazzling Flash           Conj/Hex       46%        N/A       12%         3
 Lesser Beckoning         Tloc           5%         N/A       30%         3
 Fulminant Prism          Conj/Hex       11%        3d9       36%         4
 Iskenderun's Mystic Bla  Conj/Tloc      24%        2d7       36%         4
 Manifold Assault         Tloc           5%         N/A       95%         5


Dungeon Overview and Level Annotations

Branches:
Dungeon (3/15)

Altars:

Shops:
D:2 (

Annotations:
D:3 Ijyb


Message History

What level of the Dungeon? (default 1, ? - help)
There is an open door here.
You see here an adder skeleton.
There is a stone staircase leading down here.
You climb downwards.
There is a stone staircase leading up here.
Ijyb is nearby!
You feel a surge of power!
The magic dart hits Ijyb.
Ijyb is lightly wounded.
Ijyb misses you.
You feel a surge of power!
The magic dart hits Ijyb.
Ijyb is moderately wounded.
Ijyb hits you with a +0 dagger of venom.
You are poisoned.
You feel a surge of power!
The magic dart hits Ijyb.
Ijyb is moderately wounded.
You feel sick.
Ijyb hits you with a +0 dagger of venom.
You are more poisoned.
You feel a surge of power!
The magic dart hits Ijyb.
Ijyb is heavily wounded.
You feel sick.
Ijyb hits you with a +0 dagger of venom.
You are lethally poisoned!
You are too injured to fight recklessly!
You are too injured to fight recklessly!
You are too injured to fight recklessly!
You feel much better.
You feel very sick.
Ijyb zaps a wand.
You suddenly lose the ability to move!
You feel very sick.
Ijyb hits you with a +0 dagger of venom.
You are more poisoned.
* * * LOW HITPOINT WARNING * * *
You feel very sick.
Ijyb zaps a wand.
You shrug off the repeated paralysis!
* * * LOW HITPOINT WARNING * * *
You feel very sick.
Ijyb zaps a wand.
You shrug off the repeated paralysis!
You die...

##...##
.....
.....
... ...
#.# #g#
#@# #.#
#..
###. .#
#


You could see Ijyb.

Vanquished Creatures
  4 adders (D:2)
  An ufetubus (D:2)
  3 dart slugs
  9 ball pythons
  4 bats (D:1)
  3 endoplasms
  2 giant cockroaches
  4 goblins
  A hobgoblin (D:2)
  7 kobolds
  A quokka (D:2)
  4 frilled lizards
  7 rats
50 creatures vanquished.

Notes
Turn   | Place    | Note
-------+----------+-------------------------------------------
     0 | D:1      | qeuew the Deep Elf Conjurer began the quest for the Orb.
     0 | D:1      | Reached XP level 1. HP: 10/10 MP: 6/6
   114 | D:1      | Reached XP level 2. HP: 15/15 MP: 6/8
   629 | D:1      | Reached XP level 3. HP: 19/19 MP: 7/9
   778 | D:1      | Found a faded altar of an unknown god.
   880 | D:1      | Learned a level 2 spell: Searing Ray
   947 | D:2      | Reached skill level 1 in Staves
  1163 | D:2      | Learned a level 2 spell: Blink
  1210 | D:2      | Found Iclan's Weapon Emporium.
  1278 | D:2      | Reached XP level 4. HP: 24/24 MP: 8/11
  1389 | D:2      | Reached skill level 1 in Evocations
  2199 | D:3      | Noticed Ijyb
  2204 | D:3      | Paralysed by Ijyb for 5 turns
  2208 | D:3      | Succumbed to Ijyb's poison

Illustrated notes

Levels and vault maps discovered:
D:1:      amcnicky_arrival_wind_blow, layout_rooms,
          chequers_ecumenical_altar_lobes
D:2:      layout_basic, serial_shops, nicolae_shop_hallway_plus
D:3:      layout_loops_cross, uniq_ijyb

Skill      XL: |  1  2  3  4 |
---------------+-------------+-----
Stealth        | 3 |  3.3
Dodging        | 3 |  3.2
Staves         | 1 |  1.2
Evocations     | 1 |  1.2
Spellcasting   | |  3.7
Conjurations   | |  4.8
Translocations | |  0.2

Action                   |  1- 3 |  4- 6 || total
-------------------------+-------+-------++-------
 Cast: Magic Dart        |    61 |    26 ||    87
  Use: Scroll            |       |     5 ||     5
       Potion            |       |     1 ||     1
Dodge: Dodged            |     1 |     4 ||     5
